 Dungeon Crawl Stone Soup version 0.30-a0-568-g124715a40b (webtiles) character file.

Game seed: 17662694456483748265

667 arthad the Digger (level 7, -2/60 HPs)
             Began as a Gargoyle Earth Elementalist on Dec 29, 2022.
             Was an Initiate of Sif Muna.
             Slain by an orc warrior
             ... wielding a +0 great sword
              (8 damage)
             ... on level 5 of the Dungeon.
             The game lasted 00:16:29 (5227 turns).

arthad the Digger (Gargoyle Earth Elementalist)     Turns: 5227, Time: 00:16:29

Health: -2/60      AC: 23    Str: 11    XL:     7   Next: 57%
Magic:  8/12       EV:  2    Int: 18    God:    Sif Muna [......]
Gold:   132        SH:  0    Dex: 10    Spells: 7/13 levels left

rFire   + . .      SeeInvis .    n - +1 rapier (venom)
rCold   + . .      Faith    .    (no shield)
rNeg    + . .      Spirit   .    (body armour currently unavailable)
rPois   ∞          Reflect  .    (helmet currently unavailable)
rElec   +          Harm     .    (cloak currently unavailable)
rCorr   +          Rampage  .    (gloves currently unavailable)
Will    .....      NoTele   +    (boots currently unavailable)
Stlth   ++                       (no amulet)
HPRegen 0.30/turn                (no ring)
MPRegen 0.13/turn                (no ring)

@: mighty, brilliant, tree-form, resistant, on berserk cooldown, unable to read
A: stationary, stasis, torment immunity, boosted hp, sickness immunity, AC +4,
negative energy resistance 1, (electricity resistance), torment resistance 1,
petrification resistance, (large bone plates 1), (fire resistance 1), sense
surroundings 1, inability to read after injury 1
a: Renounce Religion


You were on level 5 of the Dungeon.
You worshipped Sif Muna.
Sif Muna was noncommittal.
You were a tree.
You visited 1 branch of the dungeon, and saw 5 of its levels.

You collected 282 gold pieces.
You spent 150 gold pieces at shops.

Inventory:

Hand Weapons
 n - a +1 rapier of venom (weapon)
Missiles
 f - 4 curare-tipped darts
 m - 3 poisoned darts
Armour
 a - a +0 robe
 h - a +0 pair of gloves (melded)
 t - a +1 robe of willpower (melded)
 w - a +0 cloak (melded)
Scrolls
 e - a scroll of teleportation
 g - a scroll of magic mapping
 i - 3 scrolls of identify
 j - a scroll of enchant weapon
 q - a scroll of noise
 u - a scroll of fog
Potions
 b - a potion of magic
 p - 2 potions of haste
 z - 2 potions of mutation


   Skills:
 + Level 2.1 Fighting
 + Level 2.2 Armour
 + Level 2.3 Dodging
 * Level 4.4 Stealth
 * Level 3.6 Spellcasting
 * Level 2.9 Conjurations
 + Level 1.8 Transmutations
 * Level 5.5 Earth Magic


You had 7 spell levels left.
You knew the following spells:

 Your Spells              Type           Power      Damage    Failure   Level
a - Sandblast             Erth           68%        2d15      1%          1
b - Stone Arrow           Conj/Erth      54%        3d10      9%          3
c - Passwall              Tmut/Erth      20%        N/A       5%          2

Your spell library contained the following spells:

 Spells                   Type           Power      Damage    Failure   Level
 Petrify                  Tmut/Erth      24%        N/A       34%         4


Dungeon Overview and Level Annotations

Branches:
Dungeon (5/15)
 Temple: D:4-7

Altars:
Dithmenos
Fedhas
Hepliaklqana
Ru
Sif Muna
Wu Jian

Shops:
D:1 (   D:2 (::==   D:4 *


Innate Abilities, Weirdness & Mutations

You are a tree.
Your roots penetrate the ground, keeping you stationary.
You cannot be teleported.
You are immune to unholy pain and torment.
Your maximum health is greatly increased.
Your equipment is partially melded.
You are immune to sickness and miasma.
((Your stone body is resilient. (AC +4)))
You are immune to poison.
You resist negative energy. (rN+)
((You are resistant to electric shocks. (rElec)))
You are resistant to unholy torment.
You are immune to petrification.
((You are partially covered in large bone plates. (SH +4)))
((Your flesh is heat resistant. (rF+)))
You passively map a small area around you.
You occasionally lose the ability to read scrolls when taking damage.


Message History

You hear a shout!
Your Fighting skill increases to level 2!
Okay, then.
Unknown command.
As you read the scroll labelled RAT JOMOACAOT, it crumbles to dust.
You feel aware of your surroundings.
It was a scroll of magic mapping.
As you read the scroll labelled IMOEKO PUWURU, it crumbles to dust.
It is a scroll of identify.
u - a scroll of fog
As you read the scroll labelled LOABBUE GAIJAH, it crumbles to dust.
It is a scroll of enchant weapon.
Your +0 rapier glows red for a moment.
The orc warrior hits you with a +0 great sword.
* * * LOW HITPOINT WARNING * * *
Okay, then.
This is a scroll of acquirement!
Something appears at your feet!
You feel yourself speed up.
The orc warrior hits you but does no damage.
Okay, then.
As you read the scroll labelled ZOM ROESAXUERGH, it crumbles to dust.
You hear a loud clanging noise!
It was a scroll of noise.
You hear a shout! x5
The orc warrior hits you but does no damage.
As you read the scroll labelled DALAYRIY YPISO, it crumbles to dust.
It is a scroll of amnesia.
Really abort (and waste the scroll)?
Okay, then.
As you read the scroll labelled FOARYNN XIJIMM, it crumbles to dust.
It is a scroll of brand weapon.
Your +1 rapier drips with poison.
n - a +1 rapier of venom (weapon)
The orc warrior hits you but does no damage.
The orc hits you but does no damage.
You hit the orc warrior but do no damage.
The orc warrior is poisoned.
The orc warrior hits you with a +0 great sword!
You feel threatened and lose the ability to read scrolls!
You die...

,,,,,,#.*****.#...#*,,,,,,.##*#..
,,,**,#.,,,,,.....#*..#**.,...#..
,#.#*,*******..#..##..#)*..##.#..
,#.#*,* **,,,.#...##*,,......
,#.####*## **,,.#.....,,,*#.##.
,#.##.##8### **,....o,,,,,*#....
,#.##..'._⌠# *,...#*******#....
,#.##..'._⌠# ####o#.# #....
,#.##.########.)♣o..#########....
.#...#####...'.))................
.#.##.#......#.....?..######.....
...#..#......#...................
##.#..#......#...................
...#..'......#####'####..##.#....
##.#..#......# *.......##.#.###
...#.........# *#####..##.#.###
##.#...#+##### #.z......##


You could see an orc warrior (very poisoned) and 2 orcs.

Vanquished Creatures
  Eustachio (D:5)
  Blork the orc (D:4)
  A wight (D:5)
  A howler monkey (D:5)
  2 hounds (D:5)
  An iguana (D:3)
  An orc wizard (D:3)
  9 gnolls
  6 adders
  A shadow imp (D:5)
  2 ufetubi (D:4)
  2 worms
  2 dart slugs
  6 orcs
  6 endoplasms
  5 giant cockroaches
  3 hobgoblins
  6 jackals
  4 quokkas
  4 ball pythons
  5 bats
  3 frilled lizards (D:1)
  6 goblins
  6 kobolds
  20 rats
104 creatures vanquished.

Vanquished Creatures (others)
  A goblin (D:3)
1 creature vanquished.

Grand Total: 105 creatures vanquished

Notes
Turn   | Place    | Note
-------+----------+-------------------------------------------
     0 | D:1      | arthad the Gargoyle Earth Elementalist began the quest for
                  | the Orb.
     0 | D:1      | Reached XP level 1. HP: 10/10 MP: 3/3
   222 | D:1      | Reached XP level 2. HP: 15/15 MP: 1/5
   423 | D:1      | Reached skill level 4 in Earth Magic
   945 | D:1      | Found Helism's Weapon Shop.
  1004 | D:2      | Found Sotrom's Jewellery Shoppe.
  1027 | D:2      | Reached XP level 3. HP: 20/20 MP: 4/6
  1050 | D:2      | Found a faded altar of an unknown god.
  1059 | D:2      | Reached skill level 1 in Conjurations
  1102 | D:2      | Reached skill level 1 in Transmutations
  1587 | D:2      | Reached XP level 4. HP: 24/24 MP: 5/7
  1755 | D:2      | Found Icaorgh's Book Shop.
  1759 | D:2      | Found Lajujun's Antique Weapon Boutique.
  1762 | D:2      | Found Kausubro's Book Boutique.
  1788 | D:2      | Reached skill level 1 in Fighting
  1788 | D:2      | Reached skill level 1 in Armour
  2066 | D:2      | Found Ecvilo's Jewellery Boutique.
  2485 | D:3      | Reached XP level 5. HP: 29/29 MP: 5/8
  2684 | D:3      | Found an ornate altar of the Wu Jian Council.
  2758 | D:3      | Found a shadowy altar of Dithmenos.
  3021 | D:3      | Reached XP level 6. HP: 9/34 MP: 0/10
  3326 | D:3      | You fall into a shaft and drop 2 floors!
  3326 | D:5      | Entered Level 5 of the Dungeon
  3389 | D:5      | Noticed an orc warrior
  3481 | D:4      | Noticed Blork the orc
  3491 | D:4      | Killed Blork the orc
  3492 | D:4      | Reached skill level 5 in Earth Magic
  3594 | D:4      | Found Luankuqae's Assorted Antiques.
  3602 | D:4      | Bought a scroll labelled IMOEKO PUWURU for 27 gold pieces
  3602 | D:4      | Bought a glowing white potion for 24 gold pieces
  3602 | D:4      | Bought a glowing robe for 99 gold pieces
  3734 | D:3      | Found a shimmering blue altar of Sif Muna.
  3840 | D:3      | Became a worshipper of Sif Muna the Loreminder
  4421 | D:4      | Found a sacrificial altar of Ru.
  4862 | D:5      | HP: 1/35 [wight/+0 long sword (13)]
  4872 | D:5      | Noticed Eustachio
  4901 | D:4      | Learned a level 3 spell: Stone Arrow
  4904 | D:4      | Learned a level 2 spell: Passwall
  5017 | D:5      | Found a blossoming altar of Fedhas.
  5017 | D:5      | Found a hazy altar of Hepliaklqana.
  5035 | D:5      | Reached XP level 7. HP: 39/39 MP: 8/11
  5210 | D:5      | Gained mutation: Your flesh is heat resistant. (rF+)
                  | [potion of mutation]
  5210 | D:5      | Gained mutation: You occasionally lose the ability to read
                  | scrolls when taking damage. [potion of mutation]
  5210 | D:5      | Gained mutation: You are partially covered in large bone
                  | plates. (SH +4) [potion of mutation]
  5210 | D:5      | Gained mutation: You passively map a small area around you.
                  | [potion of mutation]
  5211 | D:5      | HP: 1/39 [Eustachio/+0 falchion (6)]
  5219 | D:5      | Killed Eustachio
  5223 | D:5      | Identified a scroll of acquirement
  5223 | D:5      | Acquired a staff of earth
  5227 | D:5      | Slain by an orc warrior

Illustrated notes

Levels and vault maps discovered:
D:1:      lightli_arrival_isolated_outpost, layout_basic, serial_shops,
          nicolae_shop_bloodbath_and_beyond, grunt_decor_arrowhead,
          minivault_26, minmay_misc_feat_pillars
D:2:      layout_basic, dreamdust_ecumenical_altar_grove, serial_shops,
          nicolae_shop_behind_doors, shop_fountains, shop_fountains,
          shop_statue, shop, minivault_14, minmay_rat_hole
D:3:      minmay_spotlight, layout_loops_ring, old_standard_altar,
          mainiacjoe_overflow_alcove_2, lemuel_blue_sif_altar,
          kennysheep_generic_room_8
D:4:      layout_basic, marbit_many_paths, serial_shops,
          nicolae_shop_overgrown_old_shop, amcnicky_mini_pool_small,
          dreamdust_princess_bridge, uniq_blork_the_orc
D:5:      layout_basic, gammafunk_temple_overflow_wave, sword_in_stone,
          uniq_prince_ribbit1

Skill      XL: |  1  2  3  4  5  6  7 |
---------------+----------------------+-----
Earth Magic    | 4 5 |  5.5
Conjurations   | 1 2 |  2.9
Transmutations | 1 |  1.8
Fighting       | 1 2 |  2.1
Armour         | 1 2 |  2.2
Stealth        | 3 4 |  4.4
Dodging        | 2 |  2.3
Spellcasting   | 3 |  3.6

Action                   |  1- 3 |  4- 6 |  7- 9 || total
-------------------------+-------+-------+-------++-------
Melee: Unarmed           |    37 |       |       ||    37
       Rapier            |       |     9 |    31 ||    40
Throw: Dart              |       |       |     3 ||     3
 Cast: Sandblast         |    53 |   134 |    17 ||   204
       Stone Arrow       |       |       |     3 ||     3
  Use: Potion            |       |     5 |     6 ||    11
       Scroll            |       |     2 |     8 ||    10
 Stab: Invisible         |       |     1 |       ||     1
Armor: Robe              |    15 |    40 |    16 ||    71
       Skin              |       |       |    13 ||    13
Dodge: Dodged            |    40 |    84 |    29 ||   153
Block: Other             |       |       |     1 ||     1

Table legend: (Time is in decaauts)
 A = Elapsed time spent in this place.
 B = Non-inter-level travel time spent in this place.
 C = Inter-level travel time spent in this place.
 D = Time resting spent in this place.
 E = Time spent auto-exploring this place.
 F = Levels seen in this place.
 G = Mean time per level.
                   A        B        C        D        E       F      G
               +--------+--------+--------+--------+--------+-----+--------+
         Total |   5329 |   5113 |    216 |    497 |   3695 |   5 | 1065.8 |
       Dungeon |   5329 |   5113 |    216 |    497 |   3695 |   5 | 1065.8 |
               +--------+--------+--------+--------+--------+-----+--------+

Top non-repeatable levels by time:
     D:2: 1423 daAuts
     D:3: 1283 daAuts
     D:4: 1131 daAuts
     D:1: 988 daAuts
     D:5: 502 daAuts
